[Event "23rd Alekhine Master 2019"]
[Site "Voronezh"]
[Date "2019.06.12"]
[Round "1.2"]
[White "Tsydypov, Zhamsaran"]
[Black "Cherednichenko, Dmitrij"]
[Result "1-0"]
[ECO "C10"]
[WhiteElo "2573"]
[BlackElo "2304"]
[Annotator "ChessBase"]
[PlyCount "93"]
[EventDate "2019.06.12"]
[EventType "swiss"]
[EventCountry "RUS"]
[SourceTitle "playchess.com"]
[Source "ChessBase"]
[SourceQuality "1"]
[TimeControl "40/5400+30:1800+30"]

1. e4 e6 2. d4 d5 3. Nc3 dxe4 4. Nxe4 Nd7 5. Nf3 Ngf6 6. Nxf6+ Nxf6 7. Be3 Be7 8. Bd3 O-O 9. Qe2 b6 10. O-O-O Bb7 11. Ne5 Nd5 12. Bd2 Nb4 13. Bc4 Bd5 14. Bxd5 Qxd5 15. c4 Qd6 16. Bf4 Nc6 17. Ng6 Bg5 18. Bxg5 hxg6 19. Qe4 Na5 20. b3 Qa3+ 21. Kb1 Nxc4 22. bxc4 Qb4+ 23. Kc2 Qxc4+ 24. Kd2 Qxa2+ 25. Ke3 c5 26. Be7 cxd4+ 27. Rxd4 Rfc8 28. Rhd1 Rc3+ 29. R1d3 Rac8 30. Bb4 Rxd3+ 31. Qxd3 a5 32. Rd8+ Rxd8 33. Qxd8+ Kh7 34. Bf8 e5 35. Qxb6 f5 36. Qb7 Qg8 37. Bd6 Qe6 38. Bb8 f4+ 39. Kf3 Qc4 40. g3 Qd3+ 41. Kg2 e4 42. Qe7 Qf3+ 43. Kh3 fxg3 44. Qh4+ Kg8 45. Qxg3 Qh5+ 46. Kg2 a4 47. Be5 1-0

[Event "23rd Alekhine Master 2019"]
[Site "Voronezh"]
[Date "2019.06.12"]
[Round "1.5"]
[White "Ibadov, Dashgyn"]
[Black "Savchenko, Boris"]
[Result "0-1"]
[ECO "B81"]
[WhiteElo "2298"]
[BlackElo "2567"]
[Annotator "ChessBase"]
[PlyCount "60"]
[EventDate "2019.06.12"]
[EventType "swiss"]
[EventCountry "RUS"]
[SourceTitle "playchess.com"]
[Source "ChessBase"]
[SourceQuality "1"]
[TimeControl "40/5400+30:1800+30"]

1. e4 c5 2. Nf3 e6 3. d4 cxd4 4. Nxd4 Nf6 5. Nc3 d6 6. g4 h6 7. h3 Be7 8. Bg2 Nc6 9. Be3 a6 10. Qe2 Nxd4 11. Bxd4 e5 12. Be3 b5 13. O-O-O b4 14. Nd5 Nxd5 15. exd5 a5 16. Kb1 O-O 17. Qd2 f5 18. f4 exf4 19. Bxf4 fxg4 20. Be4 g5 21. Be3 gxh3 22. Qd3 Bf6 23. Rde1 Bg7 24. Bc1 Ra7 25. Bh7+ Kh8 26. Bg6 a4 27. Rhf1 Rxf1 28. Rxf1 Ba6 29. Qxh3 Bxf1 30. Qxf1 Qf6 0-1

[Event "23rd Alekhine Master 2019"]
[Site "Voronezh"]
[Date "2019.06.12"]
[Round "1.7"]
[White "Krivenko, Sergey"]
[Black "Goganov, Aleksey"]
[Result "0-1"]
[ECO "E24"]
[WhiteElo "2297"]
[BlackElo "2559"]
[Annotator "ChessBase"]
[PlyCount "102"]
[EventDate "2019.06.12"]
[EventType "swiss"]
[EventCountry "RUS"]
[SourceTitle "playchess.com"]
[Source "ChessBase"]
[SourceQuality "1"]
[TimeControl "40/5400+30:1800+30"]

1. d4 Nf6 2. c4 e6 3. Nc3 Bb4 4. a3 Bxc3+ 5. bxc3 b6 6. f3 Nc6 7. e4 Ba6 8. Bg5 h6 9. Bh4 Na5 10. Qa4 Qc8 11. Bxf6 gxf6 12. Nh3 Qb7 13. d5 c6 14. dxe6 dxe6 15. c5 Bxf1 16. Rxf1 Qc7 17. Qd4 Qe5 18. Qxe5 fxe5 19. cxb6 axb6 20. Nf2 Nc4 21. Ke2 Ke7 22. Nd3 Ra4 23. Nb4 c5 24. Nc2 Rg8 25. Rg1 Rd8 26. Rgd1 Rda8 27. Rdb1 Kd7 28. Rb3 Kc6 29. g4 Rd8 30. Rd1 Rxd1 31. Kxd1 Ra8 32. Ke2 Rd8 33. Ne3 Nxe3 34. Kxe3 c4 35. Rb4 Rd3+ 36. Kf2 Rxc3 37. a4 Kc5 38. Rb5+ Kd4 39. Rxb6 Rc2+ 40. Kg3 Ra2 41. Rb7 c3 42. Rd7+ Ke3 43. Rxf7 Rxa4 44. Rc7 Kd3 45. g5 hxg5 46. Kg4 Rc4 47. Rd7+ Ke2 48. Ra7 c2 49. Ra2 Ke3 50. Ra3+ Kd4 51. Ra2 Kd3 0-1

[Event "23rd Alekhine Master 2019"]
[Site "Voronezh"]
[Date "2019.06.12"]
[Round "1.9"]
[White "Tomilova, Elena"]
[Black "Meshkovs, Nikita"]
[Result "1/2-1/2"]
[ECO "A45"]
[WhiteElo "2289"]
[BlackElo "2550"]
[Annotator "ChessBase"]
[PlyCount "93"]
[EventDate "2019.06.12"]
[EventType "swiss"]
[EventCountry "RUS"]
[SourceTitle "playchess.com"]
[Source "ChessBase"]
[SourceQuality "1"]
[TimeControl "40/5400+30:1800+30"]

1. d4 Nf6 2. Bg5 d5 3. Bxf6 gxf6 4. e3 e6 5. Nf3 c5 6. dxc5 Bxc5 7. Be2 Qb6 8. Qc1 Nc6 9. O-O Bd7 10. c4 d4 11. exd4 Nxd4 12. Nxd4 Bxd4 13. Nc3 Bc6 14. Nb5 Rg8 15. g3 O-O-O 16. a4 a5 17. Ra3 Qc5 18. Bf3 Be5 19. Qe3 Qxe3 20. Rxe3 Bxf3 21. Rxf3 Rd2 22. b3 Rgd8 23. Re1 Rb2 24. Kg2 Rdd2 25. Re4 Rd8 26. Rh4 Rh8 27. Re3 Kd7 28. Kf1 Ke7 29. f4 Bd6 30. Nxd6 Kxd6 31. f5 e5 32. Rh6 Ke7 33. Rd3 Rg8 34. h3 Rc8 35. g4 b5 36. axb5 a4 37. bxa4 Rxc4 38. Rd1 Rxa4 39. Rxh7 Ra8 40. Rc1 Raa2 41. Rh8 Rxb5 42. Rd1 Rbb2 43. Rhd8 Rf2+ 44. Kg1 Rg2+ 45. Kh1 Rh2+ 46. Kg1 Rhg2+ 47. Kh1 1/2-1/2

[Event "23rd Alekhine Master 2019"]
[Site "Voronezh"]
[Date "2019.06.12"]
[Round "1.10"]
[White "Iljiushenok, Ilia"]
[Black "Shoboev, Dandar"]
[Result "1/2-1/2"]
[ECO "A20"]
[WhiteElo "2549"]
[BlackElo "2288"]
[Annotator "ChessBase"]
[PlyCount "104"]
[EventDate "2019.06.12"]
[EventType "swiss"]
[EventCountry "RUS"]
[SourceTitle "playchess.com"]
[Source "ChessBase"]
[SourceQuality "1"]
[TimeControl "40/5400+30:1800+30"]

1. c4 e5 2. g3 Nc6 3. Bg2 Bc5 4. e3 a6 5. Ne2 d6 6. Nbc3 Nf6 7. O-O O-O 8. a3 Ba7 9. Qc2 Re8 10. b4 Ne7 11. d4 exd4 12. Nxd4 c6 13. h3 Bxd4 14. exd4 d5 15. Bg5 Bf5 16. Qb3 dxc4 17. Qxc4 Be6 18. Qd3 Ned5 19. Na4 h6 20. Bd2 Nb6 21. Nb2 Bd5 22. f3 Qd7 23. Rac1 Be6 24. g4 Qd6 25. Nd1 Rad8 26. Nf2 Na4 27. Qc2 Nb6 28. Rcd1 Qg3 29. Bc1 Bd5 30. Nh1 Qc7 31. Qf2 Na4 32. Rde1 Qd6 33. Ng3 Be6 34. Rd1 Nc3 35. Rd2 Bc4 36. Re1 Rxe1+ 37. Qxe1 Re8 38. Qf2 Nfd5 39. Ne4 Qg6 40. Bb2 Nxe4 41. fxe4 Rxe4 42. Bxe4 Qxe4 43. Rd1 Nf4 44. Kh2 Nd3 45. Qd2 Qf3 46. Rg1 Bd5 47. Bc1 Nxc1 48. Rxc1 Qxa3 49. Qc3 Qa2+ 50. Qc2 Qa3 51. Qc3 Qa2+ 52. Qc2 Qa3 1/2-1/2

[Event "23rd Alekhine Master 2019"]
[Site "Voronezh"]
[Date "2019.06.12"]
[Round "1.11"]
[White "Kovalenko, Sergey"]
[Black "Puranik, Abhimanyu"]
[Result "0-1"]
[ECO "A48"]
[WhiteElo "2269"]
[BlackElo "2548"]
[Annotator "ChessBase"]
[PlyCount "76"]
[EventDate "2019.06.12"]
[EventType "swiss"]
[EventCountry "RUS"]
[SourceTitle "playchess.com"]
[Source "ChessBase"]
[SourceQuality "1"]
[TimeControl "40/5400+30:1800+30"]

1. d4 Nf6 2. Nf3 g6 3. Bf4 Bg7 4. h3 d6 5. e3 O-O 6. Bc4 Nc6 7. O-O Nd7 8. Bg5 Qe8 9. Nc3 Nb6 10. Be2 h6 11. Bh4 Bd7 12. a4 a5 13. Nb5 Rc8 14. c4 Nb4 15. Rc1 c6 16. Nc3 Be6 17. b3 f5 18. Qd2 g5 19. Bg3 Nd7 20. e4 f4 21. Bh2 Qg6 22. Rfe1 Rcd8 23. Bf1 Kh8 24. Kh1 Bg8 25. Rcd1 e5 26. Na2 Nxa2 27. Qxa2 h5 28. dxe5 Nxe5 29. Nxe5 Bxe5 30. f3 g4 31. fxg4 hxg4 32. hxg4 Be6 33. Qf2 Kg7 34. Rd3 Rh8 35. Kg1 Bxg4 36. Bxf4 Qh5 37. Bxe5+ dxe5 38. Qg3 Rxd3 0-1

[Event "23rd Alekhine Master 2019"]
[Site "Voronezh"]
[Date "2019.06.12"]
[Round "1.13"]
[White "Ter-Saakian, Grigorii"]
[Black "Maiorov, Nikita"]
[Result "0-1"]
[ECO "C84"]
[WhiteElo "2262"]
[BlackElo "2527"]
[Annotator "RC"]
[PlyCount "73"]
[EventDate "2019.06.12"]
[EventType "swiss"]
[EventCountry "RUS"]
[SourceTitle "playchess.com"]
[Source "ChessBase"]
[SourceQuality "1"]
[TimeControl "40/5400+30:1800+30"]

1. e4 e5 2. Nf3 Nc6 3. Bb5 a6 4. Ba4 Nf6 5. O-O Be7 6. d3 b5 7. Bb3 O-O 8. Nc3 d6 9. a3 Rb8 10. Nd5 Nxd5 11. Bxd5 Bd7 12. c3 Bf6 13. h3 Ne7 14. Ba2 c5 15. Re1 Qc7 16. d4 Nc8 17. Be3 Nb6 18. Qe2 Rbe8 19. dxc5 dxc5 20. Rad1 Bc8 21. Bd5 Nxd5 22. Rxd5 Be7 23. b4 cxb4 24. cxb4 Qc3 25. Rd3 Qc6 26. Rd5 Be6 27. Rxe5 Qc3 28. Bd4 Qxa3 29. Ra1 Qxb4 30. Rxa6 Bc4 31. Qd2 Qb1+ 32. Kh2 f6 33. Rxe7 Rxe7 34. e5 Qf5 35. Bc5 Rd7 36. Qe3 Rd3 37. Qe1 0-1

[Event "23rd Alekhine Master 2019"]
[Site "Voronezh"]
[Date "2019.06.12"]
[Round "1.14"]
[White "Shariyazdanov, Andrey"]
[Black "Khubukshanov, Erdem"]
[Result "1-0"]
[ECO "A13"]
[WhiteElo "2526"]
[BlackElo "2260"]
[Annotator "ChessBase"]
[PlyCount "85"]
[EventDate "2019.06.12"]
[EventType "swiss"]
[EventCountry "RUS"]
[SourceTitle "playchess.com"]
[Source "ChessBase"]
[SourceQuality "1"]
[TimeControl "40/5400+30:1800+30"]

1. c4 e6 2. Nf3 d5 3. e3 Nf6 4. b3 b6 5. cxd5 exd5 6. Bb2 Bb7 7. Be2 Nbd7 8. Qc2 Bd6 9. d3 O-O 10. Nbd2 Re8 11. O-O c5 12. Rfe1 Qe7 13. Nf1 h6 14. Rad1 Rad8 15. Ng3 Qe6 16. d4 Rc8 17. dxc5 bxc5 18. Bd3 Bxg3 19. hxg3 Ne4 20. Nd2 f5 21. g4 g6 22. gxf5 gxf5 23. f3 Nd6 24. Bf1 Ne5 25. Kf2 Kf7 26. Qc3 Qf6 27. Be2 Qh4+ 28. Kg1 Rg8 29. Bf1 Rge8 30. Qa5 Qg3 31. Bxe5 Rxe5 32. Nc4 Nxc4 33. bxc4 f4 34. exf4 Qxf4 35. cxd5 Rxd5 36. Qxa7 Rc7 37. Qb8 Rxd1 38. Qe8+ Kg7 39. Rxd1 Bc6 40. Qe6 Ba4 41. Rd8 Rf7 42. Bc4 Rf8 43. Qe7+ 1-0

[Event "23rd Alekhine Master 2019"]
[Site "Voronezh"]
[Date "2019.06.13"]
[Round "2.1"]
[White "Omelja, Artem"]
[Black "Tsydypov, Zhamsaran"]
[Result "1/2-1/2"]
[ECO "A81"]
[WhiteElo "2451"]
[BlackElo "2573"]
[Annotator "ChessBase"]
[PlyCount "84"]
[EventDate "2019.06.12"]
[EventType "swiss"]
[EventCountry "RUS"]
[SourceTitle "playchess.com"]
[Source "ChessBase"]
[SourceQuality "1"]
[TimeControl "40/5400+30:1800+30"]

1. d4 f5 2. g3 Nf6 3. Bg2 g6 4. b3 Bg7 5. Bb2 O-O 6. Nf3 d6 7. O-O c6 8. c4 Na6 9. Nbd2 Nc7 10. Qc2 Kh8 11. e4 fxe4 12. Nxe4 Nxe4 13. Qxe4 Bf5 14. Qe3 Qd7 15. Rae1 Rae8 16. Bc3 b5 17. Nd2 a6 18. f4 Be6 19. Rc1 bxc4 20. bxc4 d5 21. Ba1 dxc4 22. Nxc4 Bd5 23. Rfe1 e6 24. Bb2 Rb8 25. Ba3 Bxg2 26. Kxg2 Bxd4 27. Qe4 Rf5 28. Bd6 c5 29. Bxc7 Qxc7 30. Qxe6 Rf6 31. Qd5 Rd8 32. Qe4 g5 33. f5 g4 34. Qxg4 Rdf8 35. Rf1 Qd7 36. Qe4 Rxf5 37. Rxf5 Rxf5 38. Rc2 Rf8 39. Ne5 Qe6 40. Re2 Qxe5 41. Qxe5+ Bxe5 42. Rxe5 Rd8 1/2-1/2

[Event "23rd Alekhine Master 2019"]
[Site "Voronezh"]
[Date "2019.06.13"]
[Round "2.3"]
[White "Ulko, Jaroslav"]
[Black "Shaposhnikov, Evgeny"]
[Result "1/2-1/2"]
[ECO "B40"]
[WhiteElo "2438"]
[BlackElo "2572"]
[Annotator "ChessBase"]
[PlyCount "81"]
[EventDate "2019.06.12"]
[EventType "swiss"]
[EventCountry "RUS"]
[SourceTitle "playchess.com"]
[Source "ChessBase"]
[SourceQuality "1"]
[TimeControl "40/5400+30:1800+30"]

1. Nf3 c5 2. e4 e6 3. d3 Nc6 4. g3 d5 5. Qe2 Nf6 6. Bg2 g6 7. O-O Bg7 8. Bg5 dxe4 9. dxe4 h6 10. Rd1 Qe7 11. Bxf6 Qxf6 12. c3 O-O 13. Nbd2 b6 14. Nf1 Qe7 15. N3d2 Rd8 16. e5 Bb7 17. f4 Qc7 18. Ne4 Ne7 19. Nd6 Bxg2 20. Qxg2 Nf5 21. Nxf5 gxf5 22. Qf3 c4 23. Kg2 Rac8 24. Rxd8+ Rxd8 25. Rd1 Rxd1 26. Qxd1 Qc6+ 27. Qf3 Qa4 28. a3 Qc2+ 29. Qf2 Qb1 30. Qe2 Bf8 31. g4 Bc5 32. Ng3 fxg4 33. Qxg4+ Kf8 34. Qe2 Ke7 35. Ne4 Qg1+ 36. Kf3 Qh1+ 37. Kg4 Qg1+ 38. Kf3 Qh1+ 39. Kg4 Qg1+ 40. Kf3 Qh1+ 41. Kg4 1/2-1/2

[Event "23rd Alekhine Master 2019"]
[Site "Voronezh"]
[Date "2019.06.13"]
[Round "2.4"]
[White "Savchenko, Boris"]
[Black "Yeletsky, Ivan"]
[Result "0-1"]
[ECO "B20"]
[WhiteElo "2567"]
[BlackElo "2438"]
[Annotator "ChessBase"]
[PlyCount "34"]
[EventDate "2019.06.12"]
[EventType "swiss"]
[EventCountry "RUS"]
[SourceTitle "playchess.com"]
[Source "ChessBase"]
[SourceQuality "1"]
[TimeControl "40/5400+30:1800+30"]

1. e4 c5 2. b4 cxb4 3. a3 bxa3 4. d4 d6 5. f4 g6 6. Nf3 Bg7 7. h3 Nc6 8. Nc3 Nf6 9. e5 dxe5 10. fxe5 Nd5 11. Nxd5 Qxd5 12. c4 Qa5+ 13. Bd2 Qb6 14. c5 Qb2 15. Rb1 Bf5 16. Rxb2 axb2 17. Bh6 b1=Q 0-1

[Event "23rd Alekhine Master 2019"]
[Site "Voronezh"]
[Date "2019.06.13"]
[Round "2.5"]
[White "Nesterov, Arseniy"]
[Black "Volkov, Sergey"]
[Result "1-0"]
[ECO "D10"]
[WhiteElo "2423"]
[BlackElo "2567"]
[Annotator "ChessBase"]
[PlyCount "139"]
[EventDate "2019.06.12"]
[EventType "swiss"]
[EventCountry "RUS"]
[SourceTitle "playchess.com"]
[Source "ChessBase"]
[SourceQuality "1"]
[TimeControl "40/5400+30:1800+30"]

1. d4 d5 2. c4 c6 3. Nc3 Nf6 4. e3 a6 5. Nf3 b5 6. b3 Bf5 7. Bd3 Bxd3 8. Qxd3 e6 9. O-O Nbd7 10. Re1 Be7 11. a4 b4 12. Ne2 O-O 13. Ng3 Bd6 14. a5 e5 15. cxd5 cxd5 16. e4 Re8 17. exd5 exd4 18. Rxe8+ Qxe8 19. Bb2 Bxg3 20. hxg3 Nxd5 21. Re1 Qf8 22. Qxd4 N7f6 23. Ne5 Re8 24. Rc1 h5 25. Qd3 Re6 26. Rc6 Rxc6 27. Nxc6 Qe8 28. Qxa6 Ng4 29. Nd4 Nc3 30. Bxc3 bxc3 31. Qe2 Qd8 32. Qc4 Qxa5 33. f3 Qa1+ 34. Qf1 Qa7 35. Qc4 c2 36. Qc8+ Kh7 37. Qxc2+ g6 38. Qc3 Ne5 39. Kh1 Qa2 40. b4 Qf2 41. Kh2 h4 42. gxh4 Qxh4+ 43. Kg1 Qd8 44. b5 Qd6 45. Nc6 Nd7 46. Qd4 Qxd4+ 47. Nxd4 Kg7 48. Kf2 Kf6 49. Ke3 Ke5 50. Nc6+ Kd5 51. Kf4 Kc5 52. Ne5 Nf8 53. Nxf7 Kxb5 54. Kg5 Kc5 55. Ne5 Ne6+ 56. Kf6 Nf4 57. g4 Nd5+ 58. Kg5 Kd4 59. Nxg6 Ke3 60. f4 Nc3 61. Kf5 Ne2 62. g5 Nd4+ 63. Kg4 Ke4 64. Ne7 Ne6 65. f5 Ng7 66. f6 Ne6 67. g6 Nf8 68. g7 Nh7 69. f7 Nf6+ 70. Kh4 1-0

[Event "23rd Alekhine Master 2019"]
[Site "Voronezh"]
[Date "2019.06.13"]
[Round "2.6"]
[White "Goganov, Aleksey"]
[Black "Grinev, Valeriy"]
[Result "1/2-1/2"]
[ECO "D31"]
[WhiteElo "2559"]
[BlackElo "2422"]
[Annotator "ChessBase"]
[PlyCount "81"]
[EventDate "2019.06.12"]
[EventType "swiss"]
[EventCountry "RUS"]
[SourceTitle "playchess.com"]
[Source "ChessBase"]
[SourceQuality "1"]
[TimeControl "40/5400+30:1800+30"]

1. d4 d5 2. c4 e6 3. Nc3 Be7 4. Nf3 Nf6 5. g3 O-O 6. Bg2 dxc4 7. Ne5 c5 8. dxc5 Qxd1+ 9. Nxd1 Bxc5 10. Nxc4 Nc6 11. O-O Nd4 12. e3 Ne2+ 13. Kh1 Nxc1 14. Rxc1 Rb8 15. Nc3 Bd7 16. Rfd1 Rfc8 17. Ne4 Nxe4 18. Bxe4 Ba4 19. b3 Be8 20. Ne5 b6 21. Nd7 Ba3 22. Rb1 Bxd7 23. Rxd7 a5 24. Rbd1 Rc1 25. Rxc1 Bxc1 26. Kg2 h5 27. Kf3 Bb2 28. Ke2 Bf6 29. f4 g6 30. Bd3 Kf8 31. a4 Be7 32. h3 Rd8 33. Rb7 Bc5 34. Bb5 Kg7 35. g4 hxg4 36. hxg4 Rh8 37. g5 Kf8 38. Rb8+ Kg7 39. Rxh8 Kxh8 40. Kf3 Kg7 41. Ke4 1/2-1/2

[Event "23rd Alekhine Master 2019"]
[Site "Voronezh"]
[Date "2019.06.13"]
[Round "2.7"]
[White "Rodin, Dmitrij"]
[Black "Fedorov, Alexei"]
[Result "1-0"]
[ECO "B43"]
[WhiteElo "2403"]
[BlackElo "2553"]
[Annotator "ChessBase"]
[PlyCount "63"]
[EventDate "2019.06.12"]
[EventType "swiss"]
[EventCountry "RUS"]
[SourceTitle "playchess.com"]
[Source "ChessBase"]
[SourceQuality "1"]
[TimeControl "40/5400+30:1800+30"]

1. e4 c5 2. Nf3 e6 3. d4 cxd4 4. Nxd4 a6 5. Nc3 d6 6. Be3 Ne7 7. Be2 Nec6 8. O-O Be7 9. Na4 Nd7 10. c4 Nxd4 11. Qxd4 O-O 12. Rfd1 b6 13. Rac1 Rb8 14. b4 Bb7 15. f4 Bc6 16. Nc3 b5 17. cxb5 axb5 18. a4 bxa4 19. b5 Bb7 20. e5 d5 21. Nxa4 Ra8 22. Nb6 Ra2 23. Bf1 f6 24. Nxd7 Qxd7 25. Qc4 Ra3 26. Qc7 Rd8 27. Bd4 fxe5 28. Bxe5 Bf6 29. Qb6 Rc8 30. Rxc8+ Bxc8 31. Rc1 Bd8 32. Qb8 1-0

[Event "23rd Alekhine Master 2019"]
[Site "Voronezh"]
[Date "2019.06.13"]
[Round "2.9"]
[White "Nozdrachev, Leonid"]
[Black "Svetushkin, Dmitry"]
[Result "0-1"]
[ECO "C50"]
[WhiteElo "2395"]
[BlackElo "2532"]
[Annotator "ChessBase"]
[PlyCount "96"]
[EventDate "2019.06.12"]
[EventType "swiss"]
[EventCountry "RUS"]
[SourceTitle "playchess.com"]
[Source "ChessBase"]
[SourceQuality "1"]
[TimeControl "40/5400+30:1800+30"]

1. e4 e5 2. Nf3 Nc6 3. Bc4 Bc5 4. d3 Nf6 5. O-O d6 6. c3 a6 7. Bb3 h6 8. d4 Ba7 9. dxe5 Nxe5 10. Nxe5 dxe5 11. Qxd8+ Kxd8 12. Nd2 Ke7 13. Nc4 Be6 14. Re1 Bxc4 15. Bxc4 Ng4 16. Rf1 Rad8 17. Be2 Nf6 18. Bf3 g5 19. g3 g4 20. Bd1 h5 21. Bc2 h4 22. Kg2 Rh5 23. gxh4 Rxh4 24. Bg5 Rh5 25. Bxf6+ Kxf6 26. Rad1 Rdh8 27. Rh1 Rh3 28. Rd3 Kg5 29. Rg3 Kf4 30. Bb3 f6 31. Be6 R3h4 32. f3 Rd8 33. Rxg4+ Rxg4+ 34. fxg4 Rd2+ 35. Kh3 Bf2 36. b4 Kxe4 37. g5 fxg5 38. Kg4 Be3 39. Bc8 Rg2+ 40. Kh3 Rxa2 41. Bxb7+ Kd3 42. Bd5 Rb2 43. Ra1 Bf4 44. Rxa6 e4 45. Kg4 Rxh2 46. Re6 e3 47. c4 e2 48. Bf3 Kd2 0-1

[Event "23rd Alekhine Master 2019"]
[Site "Voronezh"]
[Date "2019.06.13"]
[Round "2.11"]
[White "Apryshko, Gleb"]
[Black "Shariyazdanov, Andrey"]
[Result "0-1"]
[ECO "A06"]
[WhiteElo "2376"]
[BlackElo "2526"]
[Annotator "ChessBase"]
[PlyCount "98"]
[EventDate "2019.06.12"]
[EventType "swiss"]
[EventCountry "RUS"]
[SourceTitle "playchess.com"]
[Source "ChessBase"]
[SourceQuality "1"]
[TimeControl "40/5400+30:1800+30"]

1. Nf3 d5 2. g3 g6 3. Bg2 Bg7 4. O-O e5 5. c4 c6 6. Qa4 Ne7 7. cxd5 Nxd5 8. Nc3 O-O 9. Rd1 Re8 10. d3 Na6 11. Bd2 h6 12. Rac1 Be6 13. Nxd5 cxd5 14. d4 e4 15. Ne5 Kh7 16. b3 Qd6 17. Qb5 Qb6 18. Qxb6 axb6 19. f3 f6 20. Ng4 h5 21. Nf2 f5 22. e3 Bf8 23. Nh3 Kg7 24. fxe4 fxe4 25. Ng5 Bf5 26. Bh3 Ba3 27. Rc3 Bxh3 28. Nxh3 Bd6 29. Rf1 Nb4 30. a4 Nd3 31. Ng5 Re7 32. Rc2 h4 33. gxh4 Rh8 34. Be1 Nxe1 35. Rxe1 Rxh4 36. Kh1 Rg4 37. Rg1 Rxg1+ 38. Kxg1 Kh6 39. Nh3 Rf7 40. Rc8 Rf3 41. Nf2 Bxh2+ 42. Kg2 Bg3 43. Nd1 Bh4 44. Rh8+ Kg5 45. Rd8 Kg4 46. Rxd5 Rg3+ 47. Kf2 Kh3 48. Re5 Rg2+ 49. Kf1 Rd2 0-1

[Event "23rd Alekhine Master 2019"]
[Site "Voronezh"]
[Date "2019.06.13"]
[Round "2.12"]
[White "Moiseenko, Vadim"]
[Black "Smirnov, Timofey"]
[Result "1-0"]
[ECO "B90"]
[WhiteElo "2525"]
[BlackElo "2335"]
[Annotator "ChessBase"]
[PlyCount "67"]
[EventDate "2019.06.12"]
[EventType "swiss"]
[EventCountry "RUS"]
[SourceTitle "playchess.com"]
[Source "ChessBase"]
[SourceQuality "1"]
[TimeControl "40/5400+30:1800+30"]

1. e4 c5 2. Nf3 d6 3. d4 Nf6 4. Nc3 cxd4 5. Nxd4 a6 6. Be3 e5 7. Nf3 h6 8. Bc4 Nbd7 9. O-O Qc7 10. Qe2 b5 11. Nd5 Nxd5 12. Bxd5 Bb7 13. c4 bxc4 14. Nd2 Nf6 15. Nxc4 Bxd5 16. exd5 Be7 17. Nb6 Rb8 18. Qxa6 O-O 19. Rac1 Qd8 20. Rc6 Ng4 21. Bc1 e4 22. Bf4 g5 23. Be3 f5 24. Bd4 f4 25. Qe2 Bf6 26. Qxg4 Bxd4 27. Nd7 Re8 28. Nxb8 Qxb8 29. Qd7 e3 30. fxe3 fxe3 31. Kh1 e2 32. Re1 Bf2 33. Rxd6 Qxd6 34. Qxe8+ 1-0

[Event "23rd Alekhine Master 2019"]
[Site "Voronezh"]
[Date "2019.06.13"]
[Round "2.14"]
[White "Demianjuk, Alexander"]
[Black "Rios, Cristhian Camilo"]
[Result "0-1"]
[ECO "D30"]
[WhiteElo "2338"]
[BlackElo "2513"]
[Annotator "ChessBase"]
[PlyCount "68"]
[EventDate "2019.06.12"]
[EventType "swiss"]
[EventCountry "RUS"]
[SourceTitle "playchess.com"]
[Source "ChessBase"]
[SourceQuality "1"]
[TimeControl "40/5400+30:1800+30"]

1. d4 Nf6 2. c4 e6 3. Nf3 d5 4. Bg5 Bb4+ 5. Nc3 h6 6. Bxf6 Qxf6 7. Qb3 c5 8. dxc5 Nc6 9. e3 O-O 10. Be2 dxc4 11. Qxc4 b6 12. cxb6 Ba6 13. Qb3 Bxe2 14. Kxe2 Rab8 15. bxa7 Nxa7 16. Rhc1 Qg6 17. Kf1 Qh5 18. Qa4 Nc8 19. Ne2 Bd6 20. b3 Bxh2 21. Nf4 Bxf4 22. Qxf4 Nb6 23. Qe5 Qg6 24. e4 Nd7 25. Qf4 Nf6 26. Ne5 Qh5 27. f3 Rb5 28. Nc6 Kh8 29. Kf2 Ra8 30. Rc3 Rc5 31. Qe3 Qh4+ 32. Kg1 Rh5 33. Rcc1 Qg3 34. Qf2 Rh1+ 0-1

[Event "23rd Alekhine Master 2019"]
[Site "Voronezh"]
[Date "2019.06.14"]
[Round "3.1"]
[White "Rios, Cristhian Camilo"]
[Black "Rozum, Ivan"]
[Result "1/2-1/2"]
[ECO "E37"]
[WhiteElo "2513"]
[BlackElo "2572"]
[Annotator "ChessBase"]
[PlyCount "62"]
[EventDate "2019.06.12"]
[EventType "swiss"]
[EventCountry "RUS"]
[SourceTitle "playchess.com"]
[Source "ChessBase"]
[SourceQuality "1"]
[TimeControl "40/5400+30:1800+30"]

1. d4 Nf6 2. c4 e6 3. Nc3 Bb4 4. Qc2 d5 5. a3 Bxc3+ 6. Qxc3 Ne4 7. Qc2 c5 8. dxc5 Nc6 9. Nf3 Qa5+ 10. Bd2 Qxc5 11. e3 Nxd2 12. Nxd2 dxc4 13. Nxc4 Ne5 14. Rc1 Nxc4 15. Bxc4 O-O 16. Bd3 Qxc2 17. Rxc2 Bd7 18. Be4 Rac8 19. Rxc8 Rxc8 20. Kd2 b6 21. Rc1 Rxc1 22. Kxc1 h6 23. Kd2 Kf8 24. Kc3 Ke7 25. Kd4 Kd6 26. f4 f6 27. b4 Be8 28. Kc4 Bd7 29. Kd4 Be8 30. Kc4 Bd7 31. Kd4 Be8 1/2-1/2

[Event "23rd Alekhine Master 2019"]
[Site "Voronezh"]
[Date "2019.06.14"]
[Round "3.2"]
[White "Pavlov, Sergey"]
[Black "Puranik, Abhimanyu"]
[Result "*"]
[ECO "D56"]
[WhiteElo "2473"]
[BlackElo "2548"]
[Annotator "ChessBase"]
[PlyCount "24"]
[EventDate "2019.06.12"]
[EventType "swiss"]
[EventCountry "RUS"]
[SourceTitle "playchess.com"]
[Source "ChessBase"]
[SourceQuality "1"]
[TimeControl "40/5400+30:1800+30"]

1. d4 d5 2. Nf3 Nf6 3. c4 e6 4. Nc3 Be7 5. Bg5 h6 6. Bh4 O-O 7. e3 Nbd7 8. Bd3 dxc4 9. Bxc4 c5 10. O-O cxd4 11. exd4 Nb6 12. Bd3 g6 *

[Event "23rd Alekhine Master 2019"]
[Site "Voronezh"]
[Date "2019.06.14"]
[Round "3.2"]
[White "Pavlov, Sergey"]
[Black "Puranik, Abhimanyu"]
[Result "1/2-1/2"]
[ECO "A05"]
[WhiteElo "2473"]
[BlackElo "2548"]
[Annotator "ChessBase"]
[PlyCount "51"]
[EventDate "2019.06.12"]
[EventType "swiss"]
[EventCountry "RUS"]
[SourceTitle "playchess.com"]
[Source "ChessBase"]
[SourceQuality "1"]
[TimeControl "40/5400+30:1800+30"]

1. Nf3 Nf6 2. c4 g6 3. Nc3 c5 4. e4 d6 5. d4 cxd4 6. Nxd4 Nc6 7. Be2 Bg7 8. Be3 O-O 9. O-O Bd7 10. h3 Nxd4 11. Bxd4 Bc6 12. Be3 Bd7 13. Bd4 Bc6 14. Be3 Bd7 15. Bd4 Bc6 16. Be3 Bd7 17. Bd4 Bc6 18. Qc2 Nd7 19. Bxg7 Kxg7 20. b4 b6 21. Rad1 a5 22. a3 axb4 23. axb4 Qc7 24. Qb2 Kg8 25. Qc2 Kg7 26. Qb2 1/2-1/2

[Event "23rd Alekhine Master 2019"]
[Site "Voronezh"]
[Date "2019.06.14"]
[Round "3.4"]
[White "Ruiz Castillo, Joshua Daniel"]
[Black "Maiorov, Nikita"]
[Result "1/2-1/2"]
[ECO "C95"]
[WhiteElo "2472"]
[BlackElo "2527"]
[Annotator "ChessBase"]
[PlyCount "89"]
[EventDate "2019.06.12"]
[EventType "swiss"]
[EventCountry "RUS"]
[SourceTitle "playchess.com"]
[Source "ChessBase"]
[SourceQuality "1"]
[TimeControl "40/5400+30:1800+30"]

1. e4 e5 2. Nf3 Nc6 3. Bb5 a6 4. Ba4 Nf6 5. O-O Be7 6. Re1 b5 7. Bb3 d6 8. c3 O-O 9. h3 Nb8 10. d4 Nbd7 11. c4 c6 12. a3 exd4 13. Nxd4 Ne5 14. cxb5 axb5 15. Bg5 Bd7 16. Nc3 Qb6 17. f4 Nc4 18. e5 dxe5 19. fxe5 Bc5 20. exf6 Bxd4+ 21. Kh1 Bf5 22. Bxc4 bxc4 23. Na4 Qa7 24. Re7 Bd7 25. Qh5 Qxa4 26. Rxd7 c5 27. Re7 Qc2 28. fxg7 Bxg7 29. Rf1 Qg6 30. Qh4 Rad8 31. Re4 Rd4 32. Rxd4 cxd4 33. Bf6 c3 34. bxc3 dxc3 35. Bxg7 Qxg7 36. Qc4 Rd8 37. a4 h6 38. Rf3 Rd2 39. Qc8+ Kh7 40. Qf5+ Kg8 41. Qc8+ Kh7 42. Qf5+ Kg8 43. Qc8+ Kh7 44. Qf5+ Kg8 45. Qc8+ 1/2-1/2